 Dungeon Crawl Stone Soup version 0.28.0-53-g5a82cb258f (webtiles) character file.

Game seed: 10312861802554782679

16 Tirrikindir the Skirmisher (level 2, 21/21 HPs)
             Began as an Octopode Fighter on Aug 15, 2022.
             Was a Follower of Kikubaaqudgha.
             Got out of the dungeon alive.
             The game lasted 00:01:30 (645 turns).

Tirrikindir the Skirmisher (Octopode Fighter)        Turns: 645, Time: 00:01:30

Health: 21/21      AC:  1    Str: 15    XL:     2   Next: 54%
Magic:  2/2        EV: 13    Int: 10    God:    Kikubaaqudgha [*.....]
Gold:   20         SH:  4    Dex: 11    Spells: 1/1 levels left

rFire   . . .      SeeInvis .   a - +0 long sword
rCold   . . .      Faith    .   b - +0 buckler
rNeg    . . .      Spirit   .   (helmet restricted)
rPois   .          Reflect  .   (no amulet)
rElec   .          Harm     .   (no ring)
rCorr   .          Rampage  .   (no ring)
Will    .....                   (no ring)
Stlth   +++.......              (no ring)
HPRegen 0.07/turn               (no ring)
MPRegen 0.08/turn               (no ring)
                                (no ring)
                                (no ring)

@: no status effects
A: almost no armour, amphibious, 8 rings, camouflage 1, gelatinous body 1,
(nimble swimmer 1), tentacles
a: Renounce Religion, Receive Corpses


You escaped.
You worshipped Kikubaaqudgha.
Kikubaaqudgha was aware of your devotion.
You visited 1 branch of the dungeon, and saw 2 of its levels.

You collected 20 gold pieces.

Inventory:

Hand Weapons
 a - a +0 long sword (weapon)
Armour
 b - a +0 buckler (worn)
Scrolls
 e - a scroll of vulnerability {unknown}
Potions
 c - a potion of might
 d - 2 potions of curing


   Skills:
 + Level 3.1 Fighting
 * Level 2.3 Long Blades
 + Level 3.1 Dodging
 + Level 1.2 Stealth
 + Level 3.1 Shields


You had one spell level left.
You didn't know any spells.
Your spell library contained the following spells:

 Spells                   Type           Power      Damage    Failure   Level
 Animate Skeleton         Necr           0%         N/A       45%         1
 Pain                     Necr           0%         1d4       45%         1
 Corpse Rot               Necr/Air       0%         N/A       58%         2
 Agony                    Necr           0%         N/A       100%        5


Dungeon Overview and Level Annotations

Branches:
Dungeon (2/15)

Altars:
Kikubaaqudgha


Innate Abilities, Weirdness & Mutations

You cannot wear most types of armour.
You are amphibious.
You can wear up to eight rings at the same time.
Your skin changes colour to match your surroundings (Stealth+).
Your rubbery body absorbs attacks. (AC +1, EV +1)
((You are camouflaged when in or above water. (Stealth+)))
You have tentacles for arms and can constrict up to eight enemies at once.


Message History

You see here a +0 chain mail.
You open the door.
There is an open door here.
A rat comes into view.
The rat bites you.
You slash the rat!
You kill the rat!
You see here a rat corpse.
As you open the door, it creaks loudly!
Found a faded altar of an unknown god.
There is an open door here.
There is a faded altar of an unknown god here.
You cannot tell which god this altar belongs to.
Convert to them anyway?
Kikubaaqudgha accepts your prayer! Kikubaaqudgha welcomes you!
You can now receive cadavers from Kikubaaqudgha.
Kikubaaqudgha grants you a gift!
You add the spells Animate Skeleton, Pain, Corpse Rot and Agony to your library.
(D) Dungeon
Where to? (? - help)
What level of the Dungeon? (default 1, ? - help)
There is an open door here.
Found a scroll labelled ORASYV ATRO.
A kobold comes into view. It is wielding a +0 dagger.
The kobold shouts!
You block the kobold's attack.
You closely miss the kobold. You grab the kobold.
Your squeeze misses the kobold.
You constrict the kobold, but do no damage.
The kobold barely misses you.
You slash the kobold!
You kill the kobold!
Kikubaaqudgha accepts your kill.
You see here a +0 dagger.
e - a scroll labelled ORASYV ATRO
(D) Dungeon
Where to? (Enter - D:1 @ (x,y), ? - help)
There is a staircase leading out of the dungeon here.
Are you sure you want to leave the Dungeon?
This will make you lose the game!
You have escaped!

,,##
**,,,,*,,,,,,,⌠,,*,*
,,.#
**,******,,*,,,**,*
##.# *** *********,*
..### *,*
....####### *,*
.....#....## *,*
###.....##.########
*,* #
##...###.#.##...##
*,* *
##..#.##..##..@..#
*,*
###...##...#.#.....#
*,*
.....####..####...##
*,* ....##
#...#####..# *,*
#.##** ##...####..#
*,* ...#,**
##...#..### *,*
.*#.,,** ###...#.#
*,* ,*,,*,,*
#######** *,*
,,,**,,** ***
**,,,***,*


There were no monsters in sight!

Vanquished Creatures
  2 ball pythons (D:1)
  A bat (D:1)
  A giant cockroach (D:1)
  2 hobgoblins (D:1)
  3 kobolds (D:1)
  2 quokkas (D:1)
  A goblin (D:2)
  A rat (D:1)
13 creatures vanquished.

Notes
Turn   | Place    | Note
-------+----------+-------------------------------------------
     0 | D:1      | Tirrikindir the Octopode Fighter began the quest for the
                  | Orb.
     0 | D:1      | Reached XP level 1. HP: 16/16 MP: 1/1
    30 | D:1      | You fall into a shaft and drop 1 floor!
   241 | D:1      | Reached XP level 2. HP: 14/21 MP: 2/2
   408 | D:1      | Reached skill level 1 in Stealth
   535 | D:1      | Found a faded altar of an unknown god.
   535 | D:1      | Noticed a sun demon
   544 | D:1      | Prayed at the altar of an unknown god.
   544 | D:1      | Became a worshipper of Kikubaaqudgha
   544 | D:1      | Reached * piety under Kikubaaqudgha
   544 | D:1      | Received a gift from Kikubaaqudgha
   645 | D:$      | Got out of the dungeon alive.

Illustrated notes

Levels and vault maps discovered:
D:1:      dpeg_cavernosity, layout_basic,
          dreamdust_ecumenical_altar_sealed_demon
D:2:      minmay_razor_zed, layout_basic, basic_altar

Skill      XL: |  1  2 |
---------------+-------+-----
Stealth        | 1 |  1.2
Fighting       | |  3.1
Long Blades    | |  2.3
Dodging        | |  3.1
Shields        | |  3.1

Action                   || total
-------------------------++-------
Melee: Long sword        ||    21
       Constrict         ||     7
       Tentacles         ||     1
  Use: Scroll            ||     4
 Stab: Sleeping          ||     2
Armor: Skin              ||     2
Dodge: Dodged            ||     8
Block: Buckler           ||     3
